 Dungeon Crawl Stone Soup version 0.27-a0-1184-ge86db4a01e (webtiles) character file.

Game seed: 6396667379417754249

3387 porpoise the Covert (level 10, -4/68 HPs)
             Began as an Octopode Conjurer on May 19, 2021.
             Slain by a killer bee (6 damage)
             ... on level 9 of the Dungeon.
             The game lasted 00:31:22 (10335 turns).

porpoise the Covert (Octopode Conjurer)            Turns: 10335, Time: 00:31:23

Health: -4/68      AC:  1    Str:  6    XL:     10   Next: 4%
Magic:  16/17      EV: 14    Int: 27    God:
Gold:   144        SH:  0    Dex: 11    Spells: 3/19 levels left

rFire    . . .     SeeInvis .   b - +1 hunting sling (freeze)
rCold    + . .     Faith    .   (no shield)
rNeg     . . .     Spirit   .   (helmet restricted)
rPois    .         Reflect  .   D - amulet of magic regeneration
rElec    .         Harm     .   y - ring of willpower
rCorr    .         Rampage  .   A - ring of protection from cold
Will     ++...                  E - ring of Xom's Bemusement {Will+ Int+3}
Stlth    +++++.....             G - ring of wizardry
HPRegen  0.21/turn              (no ring)
MPRegen  0.40/turn              (no ring)
                                (no ring)
                                (no ring)

@: no status effects
A: almost no armour, amphibious, 8 rings, camouflage 1, gelatinous body 1,
(nimble swimmer 1), tentacles
a: no special abilities


You were on level 9 of the Dungeon.
You visited 1 branch of the dungeon, and saw 9 of its levels.

You collected 421 gold pieces.
You spent 277 gold pieces at shops.

Inventory:

Hand Weapons
 a - a +1 short sword of draining
 b - a +1 hunting sling of freezing (weapon)
 w - a +2 spectral quarterstaff
Missiles
 g - 249 stones
 i - 6 boomerangs
 j - 67 sling bullets (quivered ammo)
 q - 7 atropa-tipped darts
 C - 53 bolts
 I - 44 poisoned darts
Magical Staves
 e - a staff of fire
 p - a staff of air
Jewellery
 r - a ring of ice
 y - a ring of willpower (left tentacle)
 A - a ring of protection from cold (right tentacle)
 D - an amulet of magic regeneration (around mantle)
 E - the ring of Xom's Bemusement (on tentacle) {Will+ Int+3}
   (You found it on level 6 of the Dungeon)

   [ring of willpower]

   It affects your intelligence (+3).
   It increases your willpower.
 F - an amulet of guardian spirit
 G - a ring of wizardry (on tentacle)
 L - an amulet of regeneration
Wands
 B - a wand of polymorph (10)
 K - a wand of iceblast (6)
Scrolls
 c - 4 scrolls of identify
 f - 4 scrolls of enchant armour
 h - a scroll of summoning
 l - 2 scrolls of magic mapping
 n - a scroll of immolation
 s - 2 scrolls of vulnerability
 t - a scroll of torment
 v - a scroll of noise
 x - a scroll of enchant weapon
 H - a scroll of silence
Potions
 d - 2 potions of curing
 k - 2 potions of magic
 m - 4 potions of attraction
 o - 2 potions of lignification
 u - a potion of haste
 z - a potion of might
 J - 2 potions of resistance


   Skills:
 - Level 5.9 Fighting
 - Level 5.7 Dodging
 - Level 9.0 Stealth
 - Level 5.0 Spellcasting
 - Level 7.0 Conjurations
 + Level 3.8 Hexes
 + Level 3.8 Translocations


You had 3 spell levels left.
You knew the following spells:

 Your Spells              Type           Power      Damage    Failure   Level
a - Magic Dart            Conj           100%       1d8       1%          1
b - Searing Ray           Conj           88%        3d6       1%          2
c - Iskenderun's Mystic   Conj/Tloc      36%        2d9       3%          4
d - Fulminant Prism       Conj/Hex       17%        3d11      3%          4
k - Blink                 Tloc           N/A        N/A       1%          2
m - Mephitic Cloud        Conj/Pois/Air  19%        N/A       3%          3

Your spell library contained the following spells:

 Spells                   Type           Power      Damage    Failure   Level
 Apportation              Tloc           54%        N/A       1%          1
 Corona                   Hex            30%        N/A       1%          1
 Shock                    Conj/Air       100%       1d9       1%          1
 Slow                     Hex            27%        N/A       1%          2
 Static Discharge         Conj/Air       25%        N/A       1%          2
 Conjure Flame            Conj/Fire      25%        6-21      1%          3
 Dazzling Flash           Conj/Hex       70%        N/A       1%          3
 Animate Skeleton         Necr           12%        N/A       2%          1
 Pain                     Necr           24%        1d5       2%          1
 Summon Small Mammal      Summ           24%        N/A       2%          1
 Call Imp                 Summ           6%         N/A       4%          2
 Swiftness                Air            6%         N/A       9%          3
 Vampiric Draining        Necr           3%         2d6       9%          3
 Lightning Bolt           Conj/Air       12%        1d26      19%         5
 Airstrike                Air            3%         N/A       26%         4
 Animate Dead             Necr           3%         N/A       26%         4
 Agony                    Necr           6%         N/A       58%         5


Dungeon Overview and Level Annotations

Branches:
Dungeon (9/15)               Lair (0/6) D:9
 Temple: D:4-7          Orc: D:9-12

Altars:
Dithmenos
Gozag
Hepliaklqana
Nemelex Xobeh

Shops:
D:1 (   D:3 ?(*[

Annotations:
D:7 incomplete


Innate Abilities, Weirdness & Mutations

You cannot wear most types of armour.
You are amphibious.
You can wear up to eight rings at the same time.
Your skin changes colour to match your surroundings (Stealth+).
Your rubbery body absorbs attacks. (AC +1, EV +1)
((You are camouflaged near water. (Stealth+)))
You have tentacles for arms and can constrict up to eight enemies at once.


Message History

Aim: a killer bee (severely wounded, 63% to hit)
The searing ray hits the killer bee!
You kill the killer bee!
The searing ray hits the killer bee!
The killer bee is heavily wounded.
The searing ray hits the killer bee!
The killer bee is severely wounded. (Press . to maintain the ray.)
You feel sick. The killer bee stings you! x2
You are more poisoned.
The killer bee poisons you!
The searing ray hits the killer bee!
You kill the killer bee!
The searing ray misses the killer bee.
You feel very sick. The killer bee stings you. The killer bee misses you.
The killer bee barely misses you. The killer bee completely misses you.
The killer bee stings you!
The searing ray hits the killer bee!
You kill the killer bee!
You feel sick. The killer bee completely misses you.
The killer bee stings you. x2
* * * LOW HITPOINT WARNING * * *
The killer bee stings you!
* * * LOW HITPOINT WARNING * * *
You feel better. The killer bee barely misses you. The killer bee stings you.
* * * LOW HITPOINT WARNING * * *
You are poisoned.
The killer bee poisons you! The killer bee stings you!
* * * LOW HITPOINT WARNING * * *
The killer bee barely misses you.
* * * LOW HITPOINT WARNING * * *
You feel very sick. The killer bee barely misses you.
You see here a killer bee corpse.
* * * LOW HITPOINT WARNING * * *
You feel sick. The killer bee barely misses you.
You feel better. The killer bee stings you!
* * * LOW HITPOINT WARNING * * *
The killer bee stings you.
You die...

...####### (# ..........
.. ....##### ( .......#
#y .#.###.# .##### .#.#
#.# (...####. .#.# #.#
#...# #........ .#.# #.#
#...#.#.# .#.# #.#
#...#.#@# .#.#
#.###...#.#y#
...###.........#y#######
.#.#..................<#
...#.#.####............#
.#.#.#.................#
.#.#.#########.).......#
.............#..<......#
.####.########)........#


You could see 2 killer bees.

Vanquished Creatures
  6 yaks (D:6)
  A wyvern (D:8)
  A steam dragon (D:6)
  A water moccasin (D:8)
  An orc warrior (D:8)
  A hornet zombie (D:5)
  A necrophage (D:5)
  A black bear (D:6)
  3 ogres
  2 centaurs
  A phantom (D:6)
  2 kobold brigands
  Blork the orc (D:6)
  A scorpion (D:5)
  A bullfrog (D:8)
  A wyvern zombie (D:8)
  A wyvern skeleton (D:7)
  7 killer bees
  4 hounds
  A jelly (D:7)
  An iguana (D:4)
  Crazy Yiuf (D:2)
  Jessica (D:3)
  2 orc wizards (D:6)
  2 scorpion zombies (D:5)
  Robin (D:3)
  4 gnolls (D:2)
  4 adders
  A shadow imp (D:6)
  A white imp (D:7)
  A worm (D:3)
  A dart slug (D:2)
  19 orcs
  4 endoplasms
  2 giant cockroaches
  7 goblins
  10 hobgoblins
  8 jackals
  14 kobolds
  3 quokkas
  6 ball pythons
  4 bats
  2 frilled lizards
  4 rats
141 creatures vanquished.

Vanquished Creatures (others)
  2 fulminant prisms (D:8)
  32 plants
34 creatures vanquished.

Grand Total: 175 creatures vanquished

Notes
Turn   | Place    | Note
-------+----------+-------------------------------------------
     0 | D:1      | porpoise the Octopode Conjurer began the quest for the Orb.
     0 | D:1      | Reached XP level 1. HP: 11/11 MP: 3/3
   137 | D:1      | Reached XP level 2. HP: 7/17 MP: 1/5
   142 | D:1      | Reached skill level 3 in Stealth
   506 | D:1      | Learned a level 2 spell: Searing Ray
   825 | D:1      | Found Vuur's Weapon Shop.
   833 | D:1      | Bought a +0 hunting sling for 15 gold pieces
  1239 | D:2      | Reached XP level 3. HP: 21/21 MP: 2/6
  1963 | D:2      | Reached XP level 4. HP: 27/27 MP: 3/8
  2450 | D:2      | Found a runed translucent door.
  2451 | D:2      | Noticed Crazy Yiuf
  2458 | D:2      | Killed Crazy Yiuf
  2459 | D:2      | Reached skill level 4 in Stealth
  2459 | D:2      | Reached skill level 5 in Conjurations
  2459 | D:2      | Reached XP level 5. HP: 31/31 MP: 3/10
  2698 | D:3      | Found a faded altar of an unknown god.
  2865 | D:3      | Found a hazy altar of Hepliaklqana.
  2874 | D:3      | Found a shadowy altar of Dithmenos.
  2874 | D:3      | Noticed a shadow
  2889 | D:3      | Found Rec Gega's Magic Scroll Shop.
  2896 | D:3      | Bought a scroll of identify for 22 gold pieces
  2896 | D:3      | Bought a scroll of identify for 22 gold pieces
  2896 | D:3      | Bought a scroll of identify for 22 gold pieces
  2941 | D:3      | Found Dexiedghu's Antique Weapon Emporium.
  2946 | D:3      | Noticed Robin
  2950 | D:3      | Killed Robin
  3432 | D:3      | Found Caggen's Assorted Antiques.
  3432 | D:3      | Noticed Jessica
  3433 | D:3      | Killed Jessica
  3598 | D:3      | Found Ykaurequ's Armour Boutique.
  3957 | D:4      | Learned a level 4 spell: Iskenderun's Mystic Blast
  3962 | D:4      | Learned a level 4 spell: Fulminant Prism
  3980 | D:4      | Found an opulent altar of Gozag.
  3981 | D:4      | Found a sparkling altar of Nemelex Xobeh.
  4050 | D:4      | Reached XP level 6. HP: 36/36 MP: 7/11
  4665 | D:5      | Entered Level 5 of the Dungeon
  5080 | D:5      | Reached skill level 5 in Stealth
  5080 | D:5      | Reached XP level 7. HP: 14/41 MP: 5/13
  5801 | D:5      | Reached skill level 5 in Spellcasting
  6048 | D:5      | Reached skill level 1 in Fighting
  6048 | D:5      | Reached skill level 6 in Stealth
  6422 | D:6      | Noticed a steam dragon
  6422 | D:6      | Noticed a yak
  6422 | D:6      | Noticed a yak
  6434 | D:7      | Reached XP level 8. HP: 25/50 MP: 11/15
  6892 | D:6      | Identified the ring of Xom's Bemusement {Will+ Int+3}
  6905 | D:6      | Noticed Blork the orc
  6910 | D:6      | Killed Blork the orc
  7132 | D:3      | Bought a scroll labelled XYPPID VONA for 28 gold pieces
  7132 | D:3      | Bought a scratched gilded ring for 140 gold pieces
  7132 | D:3      | Bought a scroll labelled AXKEAL TUOSEG for 28 gold pieces
  7453 | D:6      | Reached skill level 7 in Stealth
  7693 | D:6      | Noticed a yak
  7693 | D:6      | Noticed a yak
  7725 | D:6      | Killed a yak
  8018 | D:6      | Killed a yak
  8019 | D:6      | Reached XP level 9. HP: 45/59 MP: 2/16
  8134 | D:6      | Reached skill level 5 in Fighting
  8141 | D:6      | Reached skill level 5 in Dodging
  8141 | D:6      | Reached skill level 8 in Stealth
  8744 | D:7      | Noticed a troll
  9034 | D:8      | Reached skill level 1 in Hexes
  9034 | D:8      | Reached skill level 1 in Translocations
  9606 | D:8      | Reached skill level 9 in Stealth
  9693 | D:8      | Learned a level 2 spell: Blink
  9697 | D:8      | Learned a level 3 spell: Mephitic Cloud
 10025 | D:9      | Found a staircase to the Lair.
 10276 | D:9      | Reached XP level 10. HP: 68/68 MP: 13/17
 10334 | D:9      | HP: 3/68 [poisoned by a killer bee]
 10335 | D:9      | Slain by a killer bee

Illustrated notes

Levels and vault maps discovered:
D:1:      mushboom_english_gardens, layout_loops_ring, serial_shops, shop
D:2:      layout_basic, uniq_crazy_yiuf_cottage
D:3:      layout_loops_corners, riverfiend_overflow_shadow_ancestor,
          hellmonk_ecumenical_altar_zigzags, serial_shops, shop,
          nicolae_shop_stone, shop, nicolae_shop_overgrown_old_shop,
          uniq_jessica, uniq_robin
D:4:      layout_gridville, grunt_temple_overflow_opulence
D:5:      layout_basic, minmay_misc_feat_pillars
D:6:      layout_loops_corners, ldierk_geyser, uniq_blork_the_orc
D:7:      layout_cave_pools, minmay_temple_entry_proselytizer, serial_bayou,
          serial_bayou_lagoon_a, serial_bayou_lagoon_b, serial_bayou_ford_a,
          serial_bayou_pond_c
D:8:      layout_basic
D:9:      layout_basic, lair_entry_dummy, minmay_unpleasant_kobolds

Skill      XL: |  1  2  3  4  5  6  7  8  9 |
---------------+----------------------------+-----
Stealth        | 3 4 5 6 7 9 |  9.0
Spellcasting   | 3 4 5 |  5.0
Conjurations   | 5 6 7 |  7.0
Fighting       | 1 4 5 |  5.9
Dodging        | 4 5 |  5.7
Hexes          | 3 |  3.8
Translocations | 3 |  3.8

Action                   |  1- 3 |  4- 6 |  7- 9 | 10-12 || total
-------------------------+-------+-------+-------+-------++-------
Melee: Unarmed           |    17 |       |       |       ||    17
       Constrict         |     5 |       |     1 |       ||     6
       Tentacles         |     2 |       |     1 |       ||     3
       Mace              |       |       |     1 |       ||     1
       Quarterstaff      |       |       |     2 |       ||     2
 Fire: Hunting sling     |     4 |    53 |    57 |     6 ||   120
 Cast: Magic Dart        |    28 |     2 |       |       ||    30
       Searing Ray       |    13 |    29 |    44 |     1 ||    87
       Iskenderun's Myst |       |       |     6 |       ||     6
       Fulminant Prism   |       |       |     2 |       ||     2
  Use: Scroll            |       |     7 |    11 |       ||    18
       Potion            |       |       |       |     2 ||     2
Armor: Skin              |       |     1 |       |       ||     1
Dodge: Dodged            |    15 |    12 |    23 |    10 ||    60

Table legend: (Time is in decaauts)
 A = Elapsed time spent in this place.
 B = Non-inter-level travel time spent in this place.
 C = Inter-level travel time spent in this place.
 D = Time resting spent in this place.
 E = Time spent auto-exploring this place.
 F = Levels seen in this place.
 G = Mean time per level.
                   A        B        C        D        E       F      G
               +--------+--------+--------+--------+--------+-----+--------+
         Total |  10358 |   9686 |    672 |   4028 |   4467 |   9 | 1150.9 |
       Dungeon |  10358 |   9686 |    672 |   4028 |   4467 |   9 | 1150.9 |
               +--------+--------+--------+--------+--------+-----+--------+

Top non-repeatable levels by time:
     D:6: 2099 daAuts
     D:2: 1603 daAuts
     D:5: 1540 daAuts
     D:3: 1279 daAuts
     D:8: 1101 daAuts
     D:1: 1058 daAuts
     D:4: 969 daAuts
     D:7: 378 daAuts
     D:9: 328 daAuts
